Map: Iron Fortress LE (Void)

Players

Shamanas - Winner!

  • Race: Terran Terran

Strix

  • Race: Terran Terran

VOD

Have the link to the VOD?

Description

Time

  • Played on: May 1, 2015, 5:16 p.m.
  • Length: 14:26
Show
View Real Time Build Order
Export as new Build Order

Shamanas Terran - Winner!

Build Orders: Mech, Siege Tank Drop 

Get SALT Encoding   

  12  0:01  SCV  
  13  0:13  SCV  
  14  0:18  Supply Depot  
  14  0:25  SCV  
  15  0:40  SCV  
  15  0:41  Barracks  
  16  0:45  Refinery  
  16  0:52  SCV  
  17  1:04  SCV  
  18  1:15  Supply Depot  
  18  1:16  SCV  
  19  1:28  Reaper  
  19  1:29  Orbital Command  
  20  1:55  SCV  
  21  2:05  Factory  
  21  2:08  SCV  
  22  2:16  Command Center  
  22  2:21  SCV  
  23  2:23  Barracks Reactor  
  23  2:24  Refinery  
  23  2:33  SCV  
  24  2:49  SCV  
  25  2:52  Factory Tech Lab  
  25  2:55  Supply Depot  
  25  3:02  SCV  
  25  3:03  Marine  
  25  3:04  Marine  
  28  3:08  Starport  
  28  3:15  SCV  
  29  3:26  Siege Tank  
  32  3:27  SCV, Marine x2  
  35  3:35  Orbital Command  
  35  3:38  Command Center  
  35  3:46  Missile Turret  
  35  3:48  Marine x2  
  35  3:52  SCV  
  35  3:53  Medivac  
  40  4:03  SCV  
  40  4:04  SCV  
  42  4:15  SCV  
  42  4:16  SCV  
  44  4:25  Siege Tank  
  44  4:27  SCV  
  44  4:28  SCV  
  47  4:34  Marine x2, Starport Tech Lab  
  49  4:38  Supply Depot  
  49  4:39  SCV  
  49  4:40  Refinery  
  49  4:41  SCV, Refinery  
  51  4:51  SCV  
  51  4:52  Marine x2  
  53  4:53  SCV  
  53  4:58  Missile Turret  
  55  5:03  Siege Tank  
  55  5:04  Banshee  
  61  5:09  SCV  
  61  5:10  SCV  
  61  5:11  Orbital Command  
  61  5:25  SCV x2  
  61  5:27  Marine  
  61  5:28  Marine  
  65  5:37  SCV  
  65  5:39  Siege Tank  
  65  5:40  SCV x2  
  71  5:49  SCV, Factory x2  
  72  5:52  SCV  
  73  6:07  Orbital Command  
  73  6:08  SCV x2  
  75  6:14  Missile Turret  
  75  6:19  Banshee  
  75  6:22  SCV  
  75  6:24  SCV  
  77  6:28  Refinery  
  77  6:30  Missile Turret  
  77  6:31  Missile Turret  
  77  6:33  Refinery  
  77  6:34  Factory Tech Lab  
  77  6:48  Supply Depot  
  77  6:50  Supply Depot  
  77  6:51  Supply Depot  
  77  6:55  SCV  
  77  6:58  SCV  
  77  7:06  SCV  
  77  7:08  SCV  
  77  7:10  SCV  
  78  7:18  SCV  
  79  7:23  SCV x2  
  79  7:27  Hellion x2, Siege Tank  
  79  7:28  Siege Tank  
  91  7:30  SCV, Armory  
  91  7:31  Command Center  
  91  7:32  Armory  
  91  7:34  Missile Turret  
  91  7:35  SCV  
  93  7:37  SCV  
  93  7:43  SCV, Supply Depot x2  
  95  7:52  Hellion x2  
  95  7:55  Infernal Pre-Igniter  
  99  7:59  Supply Depot  
  99  8:00  Supply Depot x2  
  99  8:05  SCV x2  
  101  8:08  Cloaking Field  
  78  8:27  Siege Tank x2  
  78  8:28  Terran Vehicle And Ship Armor Level 1, Terran Vehicle and Ship Weapons Level 1  
  78  8:31  Hellion x2  
  81  8:34  Refinery x2  
  81  8:36  SCV x3  
  81  8:37  Factory x2  
  83  8:43  Starport  
  83  8:48  SCV  
  84  8:51  Orbital Command  
  84  8:52  Hellion, Hellbat  
  84  8:53  Engineering Bay  
  84  8:55  SCV x2, Missile Turret  
  90  8:56  Missile Turret  
  90  9:00  SCV  
  90  9:01  Thor x2  
  103  9:07  SCV  
  104  9:12  Hellion x3  
  104  9:15  SCV x2  
  104  9:16  Hellbat x2  
  110  9:19  SCV, Starport Reactor  
  110  9:21  Factory Tech Lab  
  110  9:22  Factory Reactor  
  110  9:41  SCV x2  
  110  9:42  SCV x2  
  110  9:44  Thor x2  
  110  9:45  Thor  
  132  9:48  Hellbat x2  
  136  9:53  SCV  
  136  9:59  Supply Depot  
  131  10:00  Supply Depot  
  131  10:03  Hellbat x2  
  131  10:05  Viking x2  
  131  10:06  Viking  
  141  10:14  Hellbat x2  
  145  10:25  Supply Depot x3, Terran Vehicle and Ship Weapons Level 2  
  145  10:26  Terran Vehicle And Ship Armor Level 2, Thor  
  145  10:27  Thor  
  157  10:31  Command Center  
  157  10:33  Missile Turret  
  157  10:34  Missile Turret  
  157  10:37  Viking x2, Raven  
  157  10:39  Hellbat  
  157  10:40  Hellbat  
  166  10:54  Siege Tank  
  169  10:57  Refinery  
  169  11:01  Refinery  
  161  11:08  SCV x2  
  161  11:17  Hellbat  
  161  11:18  Hellbat x3  
  162  11:24  SCV x2  
  162  11:25  SCV x2  
  165  11:36  SCV  
  165  11:45  Thor x3  
  165  11:46  Hellbat x3  
  190  11:47  Hellbat  
  190  11:50  Viking x2  
  192  12:09  SCV x2  
  192  12:10  SCV  
  195  12:22  Banshee, Hellbat, Supply Depot  
  200  12:23  Supply Depot  
  200  12:24  Supply Depot  
  200  12:26  Planetary Fortress  
  200  12:36  Supply Depot  
  200  12:37  Supply Depot, Hellbat x2  
  200  12:38  Supply Depot, Hellbat  
  200  12:39  Thor  
  200  12:40  Supply Depot  
  193  12:46  Viking  
  181  12:52  Thor  
  168  13:01  Hellbat x3  
  174  13:06  SCV x3  
  174  13:07  SCV  
  156  13:23  Starport x2  
  156  13:26  Starport  
  156  13:32  Thor  
  156  13:34  Hellbat  
  137  13:45  Viking x2  
  131  14:01  Starport Tech Lab x2  
  131  14:03  Starport Reactor  
  131  14:07  Command Center  
  131  14:09  Missile Turret  
  145  14:16  Refinery  
  137  14:24  Fusion Core  
Show
View Real Time Build Order
Export as new Build Order

Strix Terran 

Build Orders: Hellion Banshee, Mech 

Get SALT Encoding   

  12  0:02  SCV  
  13  0:14  SCV  
  14  0:17  Supply Depot  
  14  0:26  SCV  
  15  0:40  SCV  
  16  0:44  Refinery  
  16  0:45  Barracks  
  16  0:52  SCV  
  17  1:05  SCV  
  18  1:17  SCV  
  19  1:30  Command Center  
  19  1:41  Orbital Command  
  19  1:47  Marine  
  20  1:57  Factory  
  20  2:05  Supply Depot  
  20  2:09  Marine  
  20  2:13  SCV  
  22  2:26  SCV  
  22  2:28  Barracks Reactor  
  23  2:38  SCV  
  23  2:42  Hellion  
  26  2:53  Orbital Command  
  26  2:57  Starport  
  26  2:58  SCV  
  26  3:10  SCV, Refinery  
  26  3:11  Barracks Tech Lab, Hellion  
  29  3:15  Hellion  
  29  3:18  SCV  
  32  3:22  SCV  
  33  3:30  SCV  
  34  3:34  SCV  
  35  3:42  SCV  
  35  3:43  Hellion x2  
  35  3:47  SCV  
  40  3:55  SCV, Cloaking Field  
  41  3:56  Supply Depot  
  41  3:59  Banshee  
  41  4:00  SCV  
  45  4:10  SCV  
  46  4:17  Widow Mine  
  46  4:18  Hellion  
  46  4:23  SCV x2  
  51  4:35  SCV x2, Barracks Tech Lab  
  51  4:36  Factory  
  51  4:38  Refinery x2  
  53  4:45  Supply Depot  
  53  4:47  SCV  
  54  4:55  SCV  
  54  4:59  SCV  
  54  5:04  Viking  
  54  5:05  Hellion  
  55  5:07  SCV, Hellion  
  49  5:16  SCV  
  49  5:20  SCV  
  51  5:24  Supply Depot  
  51  5:26  Hellion  
  51  5:28  SCV  
  53  5:32  SCV  
  53  5:33  Viking  
  54  5:40  SCV  
  55  5:44  SCV  
  56  5:50  Command Center  
  56  5:52  SCV  
  56  5:56  SCV  
  56  5:57  Factory  
  56  5:58  Supply Depot  
  56  6:04  SCV  
  56  6:08  SCV  
  56  6:09  Supply Depot  
  58  6:16  SCV  
  58  6:18  Starport Reactor  
  59  6:20  SCV  
  60  6:28  SCV  
  60  6:31  Hellion x2  
  60  6:32  SCV, Siege Tank  
  69  6:33  Infernal Pre-Igniter  
  69  6:38  Supply Depot  
  69  6:40  SCV  
  69  6:44  SCV  
  71  6:52  SCV  
  72  7:02  Hellion x2  
  76  7:09  SCV x2  
  76  7:15  Viking x2  
  79  7:16  Siege Tank x2  
  85  7:23  Missile Turret  
  85  7:24  Missile Turret  
  85  7:27  SCV x2  
  87  7:31  Hellion x2  
  87  7:35  Supply Depot  
  87  7:36  Armory  
  91  7:39  SCV, Orbital Command  
  92  7:48  SCV  
  92  7:51  SCV, Engineering Bay, Missile Turret  
  94  8:00  SCV, Hellion x2  
  94  8:04  SCV  
  100  8:12  SCV  
  101  8:16  Siege Tank x2  
  99  8:21  Hellion x2  
  101  8:30  Supply Depot  
  101  8:32  Terran Vehicle and Ship Weapons Level 1  
  101  8:36  Supply Depot  
  101  8:40  SCV x3  
  104  8:43  Hellion x2  
  104  8:47  Sensor Tower  
  104  8:48  Missile Turret  
  108  8:52  SCV x3  
  111  8:59  Viking x2  
  111  9:00  Supply Depot  
  115  9:04  Supply Depot, SCV x2  
  117  9:12  SCV, Refinery  
  117  9:13  Refinery  
  117  9:15  Sensor Tower  
  117  9:16  SCV x2  
  120  9:18  Missile Turret  
  120  9:25  SCV  
  120  9:27  Factory  
  120  9:28  SCV, Factory  
  122  9:32  SCV, Barracks Tech Lab  
  122  9:34  Factory  
  122  9:36  Siege Tank x2  
  122  9:37  SCV  
  130  9:44  SCV x2, Supply Depot  
  130  9:45  Supply Depot  
  132  9:49  SCV  
  133  9:56  SCV x2  
  130  10:01  SCV  
  130  10:03  Viking x2  
  135  10:08  SCV x2  
  135  10:09  Supply Depot x2  
  135  10:13  SCV  
  138  10:17  Factory Reactor  
  138  10:20  Supply Depot, SCV  
  139  10:24  Armory  
  139  10:25  Siege Tank x2  
  139  10:26  Terran Vehicle and Ship Weapons Level 2  
  145  10:30  Command Center  
  144  10:42  Hellion x3  
  150  10:44  SCV  
  150  10:46  Viking x2  
  155  10:58  Hellion x2  
  155  11:03  Hellion  
  161  11:17  Siege Tank  
  161  11:18  Hellion x3, Viking x2  
  168  11:19  Siege Tank  
  169  11:38  Supply Depot  
  169  11:39  Supply Depot, Terran Vehicle And Ship Armor Level 1  
  169  11:42  Supply Depot  
  169  11:43  Supply Depot  
  169  11:47  Siege Tank  
  169  11:48  Hellion x2  
  169  11:49  Hellion  
  178  11:55  Command Center  
  174  12:02  Refinery  
  174  12:05  Supply Depot  
  174  12:09  Planetary Fortress  
  174  12:13  Siege Tank  
  174  12:14  Siege Tank  
  180  12:22  Hellion, Viking x2  
  186  12:23  Refinery  
  186  12:29  SCV x2  
  180  12:45  Hellion, Siege Tank x2  
  167  12:53  Siege Tank  
  167  12:54  Hellbat  
  130  13:17  Siege Tank  
  130  13:18  Siege Tank, Hellbat  
  117  13:24  Hellbat  
  117  13:25  Siege Tank  
  112  13:29  Hellbat x2  
  112  13:33  SCV  
  109  13:35  Refinery  
  109  13:40  Hellbat  
  106  13:46  Hellbat  
  97  13:49  Siege Tank  
  97  13:50  Siege Tank, Hellbat x2  
  97  13:52  Viking  
  97  13:53  Viking  
  108  13:56  SCV x3  
  108  14:01  Hellbat  
  110  14:08  SCV  
Tags
 
Add a new tag
Caveats
  • Supply blocks, unpowered buildings, or Contaminate may cause inaccurate times.
  • Supply counts are checked every 10 seconds.